AoeStats
← jude__88

Arabia

510057239Analyzed
1v1 RM · 4d ago on Sep 29, 2026· 22m 55s· 2 players
Game mode
Random Map
Map size
Tiny (2 player)
Population
200
Speed
Normal
Resources
Standard
Victory
Conquest
Starting age
Dark Age
Ending age
Imperial Age
RankedLock teamsTeams togetherTeam positionsShared explorationLock speedFull tech treeHidden civsTurbo modeCheats
Victory
Defeat
🇦🇺 Varangians · Australia
714
+19
🇫🇷 Britons · France
778
-49
sebastienbohan95
7:11 Loom
11:02 Feudal Age
12:02 Horse Collar
12:10 Double-Bit Axe
13:20 Bloodlines
14:06 Scale Barding Armor
14:42 Forging
jude__88
9:29 Feudal Age
10:07 Double-Bit Axe
11:50 Horse Collar
12:54 Wheelbarrow
13:50 Loom
17:08 Town Watch
18:52 Man-at-Arms
Connection lost

Rejoining the realm…

Still unreachable

The connection could not be restored.

Session expired

The server has moved on; the page needs a fresh start.